 Dungeon Crawl Stone Soup version 0.19.1 (webtiles) character file.

776 Ladykiller69 the Magician (level 7, -1/36 HPs)
             Began as a Deep Elf Wizard on Dec 9, 2016.
             Was an Initiate of Vehumet.
             Killed by divine providence
             ... invoked by an orc priest
              (11 damage)
             ... on level 5 of the Dungeon.
             The game lasted 00:16:14 (5112 turns).

Ladykiller69 the Magician (Deep Elf Wizard)         Turns: 5112, Time: 00:16:15

Health: -1/36      AC:  4    Str:  4    XL:     7   Next: 54%
Magic:  4/16       EV: 13    Int: 25    God:    Vehumet [......]
Gold:   184        SH:  0    Dex: 13    Spells: 6 memorised, 3 levels left

rFire  + . .     SeeInvis .     u - +0 dagger
rCold  . . .     Gourm    .     a - +0 robe
rNeg   . . .     Faith    .     (no shield)
rPois  .         Spirit   .     b - +0 hat
rElec  .         Reflect  .     (no cloak)
rCorr  .         Harm     .     f - +1 pair of gloves
MR     .....                    (no boots)
Stlth  ++........               (no amulet)
                                (no ring)
                                i - ring of protection from fire

@: repel missiles
A: no striking features
a: Renounce Religion


You were on level 5 of the Dungeon.
You worshipped Vehumet.
Vehumet was noncommittal.
You were not hungry.

You visited 2 branches of the dungeon, and saw 6 of its levels.

You collected 184 gold pieces.

Inventory:

Hand Weapons
 u - a +0 dagger (weapon)
Armour
 a - a +0 robe (worn)
 b - a +0 hat (worn)
 f - a +1 pair of gloves (worn)
 q - a cursed +0 shield
Jewellery
 i - a ring of protection from fire (left hand)
 A - a cursed ring of fire {unknown}
Wands
 z - a wand of polymorph (8/24)
Scrolls
 l - 2 scrolls of random uselessness {unknown}
 m - 7 scrolls of identify {unknown}
 n - 2 scrolls of teleportation {unknown}
 r - a scroll of recharging {unknown}
 s - a scroll of blinking {unknown}
 x - a scroll of remove curse {unknown}
 y - a scroll of enchant weapon {unknown}
 B - a scroll of noise {unknown}
Potions
 e - 3 potions of degeneration {unknown}
 h - a potion of lignification {unknown}
 j - 2 potions of invisibility {unknown}
 k - a potion of curing
 p - 2 potions of beneficial mutation {unknown}
 v - a potion of haste {unknown}
 w - a potion of mutation {unknown}
 C - a potion of heal wounds {unknown}
Books
 c - a book of Minor Magic

   Spells                             Type                      Level
   a - Magic Dart                     Conjuration                  1
   b - Blink                          Translocation                2
   c - Call Imp                       Summoning                    2
   d - Repel Missiles                 Charms/Air                   2
   e - Slow                           Hexes                        2
   f - Conjure Flame                  Conjuration/Fire             3
   g - Mephitic Cloud                 Conjuration/Poison/Air       3
Comestibles
 d - 3 bread rations
 g - 2 beef jerkies
 o - a meat ration
 t - a slice of pizza
 D - a chunk of flesh


   Skills:
 - Level 3.0 Dodging
 - Level 3.0 Stealth
 - Level 5.0 Spellcasting
 - Level 4.1 Conjurations
 + Level 4.9 Summonings
 - Level 1.1 Translocations
 + Level 3.4 Air Magic
 + Level 4.0 Poison Magic


You had 3 spell levels left.
You knew the following spells:

 Your Spells              Type           Power        Failure   Level  Hunger
a - Magic Dart            Conj           ####         1%          1    None
b - Call Imp              Summ           ####....     1%          2    None
c - Mephitic Cloud        Conj/Pois/Air  ####....     6%          3    ##.....
d - Conjure Flame         Conj/Fire      ###.....     12%         3    ##.....
e - Blink                 Tloc           N/A          10%         2    None
f - Repel Missiles        Chrm/Air       ##....       10%         2    None


Dungeon Overview and Level Annotations

Branches:
Dungeon (5/15)             Temple (1/1) D:5

Altars:
Ashenzari
Fedhas
Kikubaaqudgha
Vehumet
Yredelemnul
Zin
The Shining One

Annotations:
D:5 Pikel; azzavlup's ghost, amateur VSAr


Message History

A beastly little devil appears in a puff of flame.
The orc wizard hits you but does no damage.
The orc wizard hits you with a dagger.
The orc wizard hits you but does no damage.
Your crimson imp closely misses the orc wizard.
The orc wizard barely misses you.
Casting: Call Imp
Confirm with . or Enter, or press ? or * to list all spells.
A beastly little devil appears in a puff of flame.
The orc wizard casts a spell.
The orc wizard blinks!
The orc wizard hits you with a dagger.
* * * LOW HITPOINT WARNING * * *
You swap places.
The orc wizard gestures at you while chanting.
You easily resist.
Your crimson imp hits the orc wizard but does no damage.
The orc priest mumbles some strange prayers to Beogh against you.
Beogh smites you!
You die...

##### ##...### .##..
+......# .... #.o....#
... ##5##..# .. ....
###5##..# .# ....
#.@o.#..####'##...>
#....#.............
#....#...o......... #
#..###.###..###.##.
##.###..###.####'###.##.
.........#..#.(.)...)...
.........#..#..)........
.........#..#...........
.######.######..###)###.


You could see an orc priest, an orc wizard and 2 friendly crimson imps.

Vanquished Creatures
  Duvessa (D:4)
  A sky beast (D:5)
  A phantom (D:5)
  Blork the orc (D:4)
  Dowan (D:4)
  A jelly (D:5)
  2 orc wizards
  3 orc priests
  A bullfrog skeleton (D:4)
  A worker ant (D:4)
  A hound skeleton (D:4)
  6 adders
  3 oozes
  2 worms
  2 dart slugs
  2 leopard geckos
  13 orcs
  2 ball pythons (D:3)
  3 giant cockroaches
  8 goblins
  5 hobgoblins
  5 jackals (D:2)
  6 kobolds
  2 quokkas (D:4)
  9 bats
  7 frilled lizards
  A jackal zombie (D:5)
  A quokka zombie (D:5)
  7 rats
98 creatures vanquished.

Notes
Turn   | Place    | Note
-------+----------+-------------------------------------------
     0 | D:1      | Ladykiller69 the Deep Elf Wizard began the quest for the Orb.
     0 | D:1      | Reached XP level 1. HP: 10/10 MP: 7/7
   186 | D:1      | Reached XP level 2. HP: 11/15 MP: 0/9
   500 | D:1      | Learned a level 2 spell: Call Imp
  1409 | D:2      | Reached skill level 5 in Spellcasting
  1409 | D:2      | Reached XP level 3. HP: 19/19 MP: 5/11
  1414 | D:2      | Learned a level 3 spell: Mephitic Cloud
  1418 | D:2      | Learned a level 3 spell: Conjure Flame
  1421 | D:2      | Learned a level 2 spell: Blink
  2363 | D:3      | Reached XP level 4. HP: 24/24 MP: 7/13
  2851 | D:3      | Reached XP level 5. HP: 28/28 MP: 12/14
  3100 | D:3      | Found a glowing golden altar of the Shining One.
  3502 | D:4      | Noticed a phantom
  3591 | D:4      | Reached skill level 1 in Air Magic
  3751 | D:4      | Reached skill level 1 in Poison Magic
  3767 | D:4      | Found a blossoming altar of Fedhas.
  3910 | D:4      | Noticed Dowan
  3912 | D:4      | Noticed Duvessa
  4015 | D:4      | Killed Duvessa
  4015 | D:4      | Reached XP level 6. HP: 18/32 MP: 10/15
  4030 | D:4      | Killed Dowan
  4304 | D:4      | Noticed Blork the orc
  4312 | D:4      | Killed Blork the orc
  4489 | D:5      | Entered Level 5 of the Dungeon
  4496 | D:5      | Noticed a sky beast
  4570 | D:5      | Killed a sky beast
  4570 | D:5      | Reached XP level 7. HP: 18/36 MP: 11/16
  4686 | D:5      | Noticed azzavlup's ghost (amateur VSAr)
  4690 | D:5      | Noticed Pikel
  4839 | D:5      | Learned a level 2 spell: Repel Missiles
  4907 | D:5      | Found a staircase to the Ecumenical Temple.
  4916 | Temple   | Entered the Ecumenical Temple
  4922 | Temple   | Became a worshipper of Vehumet
  5112 | D:5      | Killed from afar by an orc priest

Skill      XL: |  1  2  3  4  5  6  7 |
---------------+----------------------+-----
Stealth        | 3 |  3.0
Spellcasting   | 5 |  5.0
Conjurations   | 2 3 4 |  4.1
Dodging        | 3 |  3.0
Summonings     | 2 3 4 |  4.9
Air Magic      | 1 2 3 |  3.4
Poison Magic   | 2 3 4 |  4.0
Translocations | |  1.1

Action                   |  1- 3 |  4- 6 |  7- 9 || total
-------------------------+-------+-------+-------++-------
Melee: Unarmed           |     1 |     2 |       ||     3
       Dagger            |       |    47 |     2 ||    49
 Cast: Magic Dart        |    94 |   134 |    37 ||   265
       Mephitic Cloud    |       |    12 |     1 ||    13
       Conjure Flame     |       |     1 |     1 ||     2
       Call Imp          |       |       |     2 ||     2
       Repel Missiles    |       |       |     1 ||     1
 Stab: Confused          |       |     9 |       ||     9
  Eat: Chunk             |     4 |     7 |     2 ||    13
Armor: Robe              |    14 |     6 |     2 ||    22
Dodge: Dodged            |    31 |    22 |    13 ||    66
